 Dungeon Crawl Stone Soup version 0.30-a0-1008-g30c9307041 (webtiles) character file.

Game seed: 4940164766689467216

2683 DeathPants the Cudgeller (level 9, 0/47 (48) HPs)
             Began as a Vine Stalker Gladiator on Apr 5, 2023.
             Killed from afar by an orc wizard (7 damage)
             ... with a magic dart
             ... on level 7 of the Dungeon.
             The game lasted 00:20:48 (5902 turns).

DeathPants the Cudgeller (Vine Stalker Gladiator)   Turns: 5902, Time: 00:20:48

HP:   0/47 (48)     AC:  8    Str: 19    XL:     9   Next: 64%
MP:   0/26          EV: 12    Int: 10    God:
Gold: 548           SH:  5    Dex: 16    Spells: 5/17 levels left

rFire   . . .      SeeInvis .    b - +0 flail (venom)
rCold   + . .      Faith    .    (no shield)
rNeg    . . .      Spirit   +    y - +0 leather armour
rPois   .          Reflect  +    c - +1 helmet
rElec   .          Rampage  .    s - +0 cloak
rCorr   .                        h - +1 pair of gloves {Stlth+}
Will    +....                    (no boots)
Stlth   ++                       K - amulet of reflection
HPRegen 1.07/turn                l - ring of magical power
MPRegen 0.20/turn                q - ring of protection from cold

@: mesmerised, lightly drained
A: fangs 3, regeneration 1, magic shield, antimagic bite, no potion heal 2
a: no special abilities


You were on level 7 of the Dungeon.
You visited 2 branches of the dungeon, and saw 9 of its levels.

You collected 548 gold pieces.

Inventory:

Hand Weapons
 a - a +1 flail
 b - a +0 flail of venom (weapon)
Missiles
 e - a javelin
 o - 8 poisoned darts
 w - a silver boomerang
 x - 5 datura-tipped darts
 C - 6 boomerangs
 L - a curare-tipped dart (quivered)
Armour
 c - a +1 helmet (worn)
 h - a +1 pair of gloves of stealth (worn)
 s - a +0 cloak (worn)
 y - a +0 leather armour (worn)
Jewellery
 l - a ring of magical power (left hand)
 q - a ring of protection from cold (right hand)
 B - a ring of flight
 K - an amulet of reflection (around neck)
Wands
 d - a wand of iceblast (10)
 f - a wand of charming (15)
 u - a wand of flame (10)
 H - a wand of mindburst (18)
Scrolls
 i - a scroll of fear
 j - a scroll of vulnerability
 m - a scroll of summoning {unknown}
 r - 8 scrolls of teleportation
 E - 2 scrolls of enchant weapon
 G - a scroll of identify
 J - a scroll of amnesia {unknown}
Potions
 g - 3 potions of curing
 k - 2 potions of flight
 n - a potion of brilliance
 p - 2 potions of lignification
 t - a potion of attraction {unknown}
 v - 4 potions of might
 z - 2 potions of heal wounds {unknown}
 A - a potion of mutation {unknown}
 D - a potion of ambrosia {unknown}
 F - 3 potions of resistance {unknown}
 I - a potion of haste {unknown}


   Skills:
 + Level 5.7 Fighting
 + Level 7.9 Maces & Flails
 - Level 1.7 Throwing
 - Level 1.1 Armour
 - Level 2.8 Dodging
 - Level 4.9 Spellcasting
 + Level 5.4 Necromancy


You had 5 spell levels left.
You knew the following spells:

 Your Spells              Type           Power      Damage    Failure   Level
a - Vampiric Draining     Necr           13%        2d6       9%          3
b - Dispel Undead         Necr           13%        3d9       28%         4
c - Agony                 Necr           13%        N/A       63%         5

Your spell library contained the following spells:

 Spells                   Type           Power      Damage    Failure   Level
 Necrotise                Necr           52%        1d6       3%          1
 Sublimation of Blood     Necr           13%        N/A       4%          2
 Kiss of Death            Conj/Necr      28%        2d7       9%          1
 Slow                     Hex            8%         N/A       28%         1
 Summon Small Mammal      Summ           8%         N/A       28%         1
 Animate Dead             Necr           13%        N/A       28%         4
 Call Canine Familiar     Summ           2%         N/A       63%         3
 Confusing Touch          Hex            2%         N/A       63%         3
 Summon Guardian Golem    Hex/Summ       2%         N/A       63%         3
 Borgnjor's Vile Clutch   Necr/Erth      3%         N/A       94%         5
 Petrify                  Tmut/Erth      2%         N/A       95%         4
 Irradiate                Conj/Tmut      1%         3d12      100%        5
 Death Channel            Necr           6%         N/A       99%         6


Dungeon Overview and Level Annotations

Branches:
Dungeon (8/15)             Temple (1/1) D:6
   Lair: D:8-11

Altars:
Ashenzari
Cheibriados
Dithmenos
Elyvilon
Fedhas
Hepliaklqana
Kikubaaqudgha
Makhleb
Nemelex Xobeh
Okawaru
Qazlal
Ru
Sif Muna
Trog
Uskayaw
Xom
Yredelemnul
Zin
The Shining One

Shops:
D:6 [

Annotations:
D:7 Maggie


Innate Abilities, Weirdness & Mutations

You have razor-sharp teeth.
Your natural rate of healing is unusually fast.
When hurt, damage is shared between your health and your magic reserves.
Your bite disrupts and absorbs the magic of your enemies.
Potions cannot restore your health.


Message History

Maggie closely misses you.
The orc wizard hits you with a +0 dagger.
The orc warrior misses you.
You climb upwards.
There is a stone staircase leading down here.
You hit Maggie but do no damage.
Maggie is poisoned.
You bite Maggie, but do no damage.
Maggie hits you with a +1 broad axe of draining.
You feel drained. You block the orc warrior's attack.
The orc wizard gestures at you while chanting.
The magic dart hits you!
You closely miss Maggie. You bite Maggie.
Maggie's magic leaks into the air.
You drain her magic.
You feel invigorated.
Maggie is lightly wounded.
You block Maggie's attack. You block the orc warrior's attack.
The orc wizard hits you but does no damage.
You hit Maggie but do no damage. You punch Maggie, but do no damage.
Maggie is lightly wounded.
You block Maggie's attack.
The orc warrior hits you with a +0 scimitar!
The orc wizard hits you with a +0 dagger.
You hit Maggie.
Maggie looks even sicker.
You bite Maggie, but do no damage.
Maggie is lightly wounded.
Maggie's magic is no longer disrupted.
Maggie mumbles some strange words.
Maggie attempts to bespell you! You resist with almost no effort.
The orc warrior hits you with a +0 scimitar!
The orc wizard points at you and mumbles some strange words.
The puff of flame hits you!
* * * LOW HITPOINT WARNING * * *
You sock Maggie!
Maggie looks as sick as possible!
Maggie is moderately wounded.
Maggie casts a spell.
Maggie attempts to bespell you!
You are mesmerised by Maggie!
The orc warrior hits you with a +0 scimitar!
* * * LOW HITPOINT WARNING * * *
The orc wizard casts a spell at you. The magic dart hits you!
You die...

# ....###.##.#.#.###.........
########.###.##.#.#.# ####.####.
#....<.......##.#.#.# #......
#.######............# #.####. #.#
####..#..#.### #.# ##.
##.#########..#...<########.###..
........#.....#.#...........#....
##.####.........@)##########.#...
#.# #...##.##.@o# ########....
#.# #...##.##.o.# #........#..
#.# #...##.#.#..# ##.#########.
#.####...##..###.###.......# #.
#...........## ##.##.......# #.
#######..#.## ##.........####.
#..##.## ##.##..........#.
#......###................
#.#####.#.................


You could see Maggie (mesmerising, extremely poisoned), an orc warrior
(poisoned) and an orc wizard.

Vanquished Creatures
  2 steam dragons (D:7)
  Duvessa (D:5)
  2 water moccasins
  A black bear (D:5)
  An orc warrior (D:5)
  2 ice beasts
  4 ogres
  A phantom (D:5)
  2 kobold brigands
  A bullfrog (D:7)
  4 scorpions
  3 wights (D:6)
  Dowan (D:5)
  4 hounds
  2 jellies
  3 orc priests
  Ijyb (D:5)
  3 orc wizards
  4 iguanas
  5 gnolls
  4 adders
  A shadow imp (D:7)
  A white imp (D:4)
  A worm (D:4)
  A dart slug (D:1)
  24 orcs
  6 ball pythons
  6 endoplasms
  2 giant cockroaches
  4 goblins
  10 hobgoblins
  8 jackals
  3 quokkas
  2 bats
  3 frilled lizards
  24 kobolds
  5 rats
152 creatures vanquished.

Vanquished Creatures (others)
  A fungus (D:3)
  5 plants (D:3)
6 creatures vanquished.

Grand Total: 158 creatures vanquished

Notes
Turn   | Place    | Note
-------+----------+-------------------------------------------
     0 | D:1      | DeathPants the Vine Stalker Gladiator began the quest for
                  | the Orb.
     0 | D:1      | Reached XP level 1. HP: 11/11 MP: 2/2
   162 | D:1      | Reached XP level 2. HP: 13/15 MP: 1/3
   286 | D:1      | Reached skill level 3 in Maces & Flails
   669 | D:1      | Reached XP level 3. HP: 14/18 MP: 2/4
  1248 | D:2      | Reached skill level 1 in Armour
  1447 | D:2      | Gained mutation: Your natural rate of healing is unusually
                  | fast. [Vine Stalker growth]
  1447 | D:2      | Reached XP level 4. HP: 23/23 MP: 5/5
  1704 | D:3      | Found a faded altar of an unknown god.
  1721 | D:4      | Noticed a scorpion
  1798 | D:3      | Learned a level 3 spell: Vampiric Draining
  1898 | D:3      | Reached XP level 5. HP: 27/27 MP: 7/7
  2055 | D:3      | Found a hide-covered altar of Uskayaw.
  2141 | D:3      | Found a shimmering altar of Xom.
  2181 | D:3      | Found a broken altar of Ashenzari.
  2191 | D:3      | Found a snail-covered altar of Cheibriados.
  2468 | D:5      | Entered Level 5 of the Dungeon
  2588 | D:4      | Reached skill level 1 in Necromancy
  2591 | D:4      | Reached skill level 4 in Maces & Flails
  2591 | D:4      | Reached skill level 1 in Spellcasting
  2705 | D:4      | Reached XP level 6. HP: 29/32 MP: 9/9
  2753 | D:4      | Found a sparkling altar of Nemelex Xobeh.
  2848 | D:4      | You fall into a shaft and drop 2 floors!
  2919 | D:6      | Noticed an ice beast
  2936 | D:6      | Killed an ice beast
  2937 | D:6      | Reached XP level 7. HP: 36/36 MP: 11/11
  2959 | D:5      | Noticed Ijyb
  2973 | D:5      | Killed Ijyb
  2990 | D:5      | Reached skill level 5 in Maces & Flails
  3106 | D:4      | Learned a level 4 spell: Dispel Undead
  3429 | D:5      | Gained mutation: You have razor-sharp teeth. [Vine Stalker
                  | growth]
  3429 | D:5      | Reached XP level 8. HP: 4/42 MP: 13/13
  3432 | D:5      | HP: 2/42 [white imp/puff of frost (1)]
  3574 | D:4      | Reached skill level 6 in Maces & Flails
  3682 | D:5      | Found a basalt altar of Yredelemnul.
  3687 | D:5      | Noticed Dowan
  3687 | D:5      | Noticed Duvessa
  3705 | D:5      | Killed Duvessa
  3712 | D:5      | Killed Dowan
  4065 | D:5      | HP: 2/42 [poisoned by an orc warrior]
  4070 | D:5      | HP: 1/42 [poisoned by an orc warrior]
  4199 | D:5      | Reached skill level 7 in Maces & Flails
  4199 | D:5      | Reached XP level 9. HP: 46/46 MP: 16/16
  4399 | D:6      | Found Gouc's Armour Shop.
  4697 | D:6      | Found a staircase to the Ecumenical Temple.
  4704 | Temple   | Entered the Ecumenical Temple
  4783 | D:6      | Reached skill level 5 in Fighting
  4860 | D:6      | Learned a level 5 spell: Agony
  5365 | D:7      | Reached skill level 5 in Necromancy
  5891 | D:8      | Noticed Maggie
  5902 | D:7      | Killed from afar by an orc wizard

Illustrated notes

Levels and vault maps discovered:
D:1:      minmay_arrival_semitransparent, layout_basic
D:2:      layout_loops_cross, minmay_split_cup_large
D:3:      layout_loops_ring, nicolae_uskayaw_dance_hall,
          amethyst_overflow_temple_binary, mainiacjoe_overflow_cross_hatched,
          shapermc_ecumenical_altar_mp_urbaneastern
D:4:      layout_basic, mainiacjoe_overflow_six_doors_small
D:5:      layout_rooms, mainiacjoe_overflow_small_starburst, uniq_ijyb,
          uniq_duvessa
D:6:      layout_cave_pods, temple_statues, nicolae_take_the_stairs
D:7:      layout_loops_ring
D:8:      layout_loops_ring, lemuel_doored_altar, lair_entry_dummy, uniq_maggie
Temple:   cyrus_circular_temple

Skill      XL: |  1  2  3  4  5  6  7  8  9 |
---------------+----------------------------+-----
Fighting       | 2 3 4 5 |  5.7
Maces & Flails | 3 4 5 7 |  7.9
Armour         | 1 |  1.1
Necromancy     | 1 2 3 4 5 |  5.4
Spellcasting   | 1 2 3 4 |  4.9
Throwing       | |  1.7
Dodging        | |  2.8

Action                     |  1- 3 |  4- 6 |  7- 9 || total
---------------------------+-------+-------+-------++-------
  Melee: Flail             |    81 |   132 |   296 ||   509
         Bite              |    12 |    40 |    99 ||   151
         Punch             |     1 |     3 |     4 ||     8
  Throw: Throwing net      |       |     3 |     6 ||     9
         Boomerang         |       |       |     2 ||     2
         Javelin           |       |       |     2 ||     2
         Dart              |       |       |     2 ||     2
    Use: Scroll            |       |     6 |    11 ||    17
         Potion            |       |       |     1 ||     1
   Stab: Sleeping          |     6 |       |     3 ||     9
         Distracted        |       |     1 |       ||     1
 Armour: Leather armour    |    22 |       |   121 ||   143
         Scale mail        |    13 |    90 |    32 ||   135
  Dodge: Dodged            |    65 |   110 |   181 ||   356
  Block: Other             |       |       |     8 ||     8

Table legend: (Time is in decaauts)
 A = Elapsed time spent in this place.
 B = Non-inter-level travel time spent in this place.
 C = Inter-level travel time spent in this place.
 D = Time resting spent in this place.
 E = Time spent auto-exploring this place.
 F = Levels seen in this place.
 G = Mean time per level.
                   A        B        C        D        E       F      G
               +--------+--------+--------+--------+--------+-----+--------+
         Total |   5980 |   5850 |    130 |    246 |   3680 |   9 |  664.4 |
       Dungeon |   5924 |   5802 |    122 |    246 |   3646 |   8 |  740.5 |
        Temple |     55 |     47 |      8 |      0 |     34 |   1 |   55.0 |
               +--------+--------+--------+--------+--------+-----+--------+

Top non-repeatable levels by time:
     D:1: 995 daAuts
     D:4: 986 daAuts
     D:6: 955 daAuts
     D:5: 832 daAuts
     D:3: 800 daAuts
     D:7: 672 daAuts
     D:2: 669 daAuts
  Temple: 55 daAuts
     D:8: 12 daAuts
